 Dungeon Crawl Stone Soup version 0.24.0-125-gc4c63601f3 (webtiles) character file.

Game seed: 12573075402902003915, levelgen mode: deterministic

80685 Ereth the Severer (level 15, -2/141 HPs)
             Began as a Hill Orc Fighter on Mar 2, 2020.
             Was a High Priest of Okawaru.
             Slain by a 20-headed hydra (8 damage)
             ... on level 2 of the Lair of Beasts.
             The game lasted 01:24:57 (26631 turns).

Ereth the Severer (Hill Orc Fighter)               Turns: 26631, Time: 01:24:58

Health: -2/141     AC: 21    Str: 23    XL:     15   Next: 67%
Magic:  0/18       EV:  8    Int:  8    God:    Okawaru [*****.]
Gold:   145        SH: 18    Dex: 13    Spells: 17/18 levels left

rFire    + + +     SeeInvis .   V - +1 broad axe (vamp)
rCold    x x .     Gourm    .   F - +0 large shield
rNeg     . . .     Faith    +   e - +0 fire dragon scales
rPois    +         Spirit   +   z - +2 helmet
rElec    +         Reflect  .   U - scarf {Spirit}
rCorr    +         Harm     .   D - +0 pair of gloves of Youthful Indiscretion {rElec rF+ rC-}
MR       +....                  Q - +2 pair of boots of the Assassin {Detection Stab+ Stlth++}
Stlth    ++........             w - amulet of faith
HPRegen  0.33/turn              m - ring of resist corrosion
MPRegen  0.16/turn              v - ring of poison resistance

@: no status effects
A: no striking features
a: Heroism, Finesse, Renounce Religion


You were on level 2 of the Lair of Beasts.
You worshipped Okawaru.
Okawaru was extremely pleased with you.
You were not hungry.

You visited 5 branches of the dungeon, and saw 25 of its levels.

You collected 1977 gold pieces.
You spent 1832 gold pieces at shops.

Inventory:

Hand Weapons
 a - a +3 war axe
 L - a +0 battleaxe of draining
 V - a +1 vampiric broad axe (weapon)
 Z - a +3 broad axe of electrocution
Missiles
 y - 32 boomerangs (quivered)
 I - 10 javelins
Armour
 e - +0 fire dragon scales (worn)
 r - a +5 crystal plate armour
 z - a +2 helmet (worn)
 D - the +0 pair of gloves of Youthful Indiscretion (worn) {rElec rF+ rC-}
   (Okawaru gifted it to you on level 1 of the Swamp)

   It protects you from fire.
   It makes you vulnerable to cold.
   It insulates you from electricity.
 F - a +0 large shield (worn)
 Q - the +2 pair of boots of the Assassin (worn) {Detection Stab+ Stlth++}
   (Okawaru gifted it to you on level 14 of the Dungeon)

   It makes you much more stealthy.
 T - a +2 pair of gloves of strength
 U - a scarf of spirit shield (worn)
Jewellery
 l - an uncursed ring of protection from magic
 m - a ring of resist corrosion (left hand)
 o - a +1 ring of evasion
 p - an uncursed ring of protection from fire
 s - an uncursed ring of protection from magic
 v - a ring of poison resistance (right hand)
 w - an amulet of faith (around neck)
Wands
 b - a wand of random effects (35)
 c - a wand of polymorph (15)
 g - a wand of paralysis (7)
 C - a wand of iceblast (27)
 J - a wand of acid (18)
 O - a wand of enslavement (24)
 S - a wand of flame (40)
 W - a wand of digging (6)
Scrolls
 h - 3 scrolls of fog
 n - a scroll of blinking
 q - 8 scrolls of teleportation
 x - 10 scrolls of remove curse
 G - 2 scrolls of identify
 K - a scroll of fear
 M - a scroll of acquirement
 P - a scroll of magic mapping
 R - a scroll of amnesia
Potions
 d - 2 potions of might
 i - 4 potions of brilliance
 j - 12 potions of curing
 k - 2 potions of invisibility
 t - 5 potions of flight
 u - 2 potions of mutation
 B - 2 potions of berserk rage
 E - 4 potions of haste
 H - 2 potions of cancellation
 N - 3 potions of resistance
 X - 2 potions of magic
 Y - 2 potions of agility
Comestibles
 f - 23 rations


   Skills:
 + Level 15.0 Fighting
 + Level 20.7 Axes
 + Level 1.6 Throwing
 + Level 12.7 Armour
 + Level 2.0 Dodging
 + Level 1.5 Stealth
 + Level 11.7 Shields
 + Level 2.4 Spellcasting
 + Level 3.5 Necromancy
 + Level 4.8 Invocations
 + Level 0.1 Evocations


You had 17 spell levels left.
You knew the following spells:

 Your Spells              Type           Power        Failure   Level  Hunger
a - Animate Skeleton      Necr           N/A          71%         1    ##.....

Your spell library contained the following spells:

 Spells                   Type           Power        Failure   Level  Hunger
 Apportation              Tloc           #.....       99%         1    ##.....
 Beastly Appendage        Tmut           #.....       99%         1    ##.....
 Confusing Touch          Hex            #.....       99%         1    ##.....
 Corona                   Hex            #......      99%         1    ##.....
 Infusion                 Chrm           #...         99%         1    ##.....
 Magic Dart               Conj           #...         99%         1    ##.....
 Summon Small Mammal      Summ           #...         99%         1    ##.....
 Ensorcelled Hibernation  Hex/Ice        #.....       100%        2    ###....
 Searing Ray              Conj           #.....       100%        2    ###....
 Shroud of Golubria       Chrm/Tloc      #.....       100%        2    ###....
 Slow                     Hex            #.......     100%        2    ###....
 Song of Slaying          Chrm           #.......     100%        2    ###....
 Sticks to Snakes         Tmut           #.......     100%        2    ###....
 Confuse                  Hex            #.......     100%        3    ####...
 Dazzling Spray           Conj/Hex       #.....       100%        3    ####...
 Gell's Gravitas          Tloc           #.........   100%        3    ####...
 Inner Flame              Hex/Fire       #.......     100%        3    ####...
 Portal Projectile        Hex/Tloc       #.....       100%        3    ####...
 Regeneration             Chrm/Necr      #.........   100%        3    ####...
 Spectral Weapon          Hex/Chrm       #.......     100%        3    ####...
 Spider Form              Tmut/Pois      #.........   100%        3    ####...
 Tukima's Dance           Hex            #.......     100%        3    ####...
 Cause Fear               Hex            #.........   100%        4    #####..
 Force Lance              Conj/Tloc      #.......     100%        4    #####..
 Fulminant Prism          Conj/Hex       #.........   100%        4    #####..
 Ice Form                 Ice/Tmut       #.......     100%        4    #####..
 Iskenderun's Mystic Bla  Conj           #.......     100%        4    #####..
 Leda's Liquefaction      Hex/Erth       #.........   100%        4    #####..
 Petrify                  Tmut/Erth      #.......     100%        4    #####..
 Blade Hands              Tmut           #.........   100%        5    ######.
 Bolt of Magma            Conj/Fire/Erth #.........   100%        5    ######.
 Iskenderun's Battlesphe  Conj/Chrm      #.......     100%        5    ######.
 Metabolic Englaciation   Hex/Ice        #.........   100%        5    ######.
 Venom Bolt               Conj/Pois      #.........   100%        5    ######.
 Yara's Violent Unravell  Hex/Tmut       #.........   100%        5    ######.
 Iron Shot                Conj/Erth      #.........   100%        6    #######
 Orb of Destruction       Conj           #.........   100%        7    #######
 Spellforged Servitor     Conj/Summ      #.........   100%        7    #######


Dungeon Overview and Level Annotations

Branches:
Dungeon (15/15)            Temple (1/1) D:7            Lair (6/6) D:10
  Swamp (1/4) Lair:2        Snake (0/4) Lair:2        Slime (0/5) Lair:5
    Orc (2/2) D:10            Elf (0/3) Orc:2        Vaults (0/5) D:14
 Depths (0/5) D:15

Altars:
Ashenzari
Cheibriados
Dithmenos
Elyvilon
Fedhas
Gozag
Hepliaklqana
Kikubaaqudgha
Makhleb
Nemelex Xobeh
Okawaru
Qazlal
Ru
Sif Muna
Trog
Uskayaw
Vehumet
Wu Jian
Xom
Yredelemnul
Zin
The Shining One
Beogh

Shops:
D:6 [   D:9 }   Orc:2 (*[}?

Portals:
Trove: D:12 (give +5 fire dragon scales)

Annotations:
D:9 2 transporters
Lair:5 1 runed translucent door, Saaxatog's ghost, journeyman DrFE
Orc:2 3 runed translucent doors, hazymike's ghost, journeyman DsIE


Message History

The 20-headed hydra bites you but does no damage. x3
The 20-headed hydra closely misses you.
The 20-headed hydra bites you but does no damage. x2
You block the 20-headed hydra's attack. The 20-headed hydra bites you.
* * * LOW HITPOINT WARNING * * *
The 20-headed hydra barely misses you.
The 20-headed hydra bites you but does no damage.
You block the 20-headed hydra's attack.
The 20-headed hydra bites you but does no damage. x2
The 20-headed hydra bites you.
* * * LOW HITPOINT WARNING * * *
The 20-headed hydra bites you!
* * * LOW HITPOINT WARNING * * *
The 20-headed hydra bites you.
* * * LOW HITPOINT WARNING * * *
The 20-headed hydra bites you but does no damage.
The 20-headed hydra barely misses you. The 20-headed hydra bites you.
* * * LOW HITPOINT WARNING * * *
The 20-headed hydra bites you!
You die...

#....###...###≈≈≈§##...#.......##
#....# #...# #≈≈≈###...#.......#.
#....# #...###≈≈≈###...###...##.#
###P## #....######.....###.#.###.
# #### #....######...............
###P.###.....##..#...............
....(.>..........................
.................................
...............D@................
..........................#P..#..
##(.#...................P.##..##.
#####(...................#....##.
...##?.....##P'#P....|..#.....##.
..........#.##.#.P#............#.
#...#......###.#.###....#.....P#.
#...#.....##.....###....P......#.
.........>###....##.....+.....##.


You could see a 20-headed hydra.

Vanquished Creatures
  Jorgrun (Orc:1)
  An orc warlord (Orc:2)
  Azrael (Orc:2)
  A fire dragon (Lair:6)
  Harold (D:7)
  3 hydras
  A shambling mangrove (Swamp:1)
  3 centaur warriors
  A catoblepas (Lair:4)
  A two-headed ogre (D:15)
  7 orc high priests (Orc:2)
  A tengu warrior (D:15)
  A shock serpent (shapeshifter) (D:14)
  Urug (Orc:2)
  Nergalle (Orc:1)
  7 skeletal warriors
  3 unseen horrors
  3 swamp dragons
  A wizard (D:13)
  A flayed ghost (D:15)
  A glowing orange brain (shapeshifter) (D:14)
  A sphinx zombie (D:15)
  2 orc knights (Orc:2)
  A necromancer (D:15)
  A frost giant zombie (D:15)
  A wolf spider zombie (D:15)
  A salamander (shapeshifter) (D:15)
  2 deep elf magi
  17 ugly things
  3 manticores
  8 elephants
  A cyclops (D:13)
  A fire giant skeleton (D:15)
  Maurice (D:11)
  2 gargoyles
  3 black mambas
  6 spiny frogs
  A torpor snail (Lair:2)
  Psyche (D:8)
  A spriggan zombie (D:15)
  3 rime drakes (Lair:6)
  4 komodo dragons
  A tengu conjurer (D:14)
  A harpy zombie (D:15)
  3 meliai (D:13)
  11 trolls
  A wind drake (shapeshifter) (D:14)
  A polar bear (Lair:3)
  A harpy skeleton (D:15)
  Grinder (D:4)
  7 blink frogs
  8 slime creatures
  3 hippogriffs
  A centaur simulacrum (D:15)
  A wraith (D:12)
  Sigmund (D:6)
  A vampire (D:15)
  2 wyverns
  2 basilisks
  27 yaks
  5 steam dragons
  5 fire elementals (Orc:2)
  A hungry ghost (D:14)
  5 wargs
  3 vampire mosquitoes (Swamp:1)
  A swamp worm (shapeshifter) (D:14)
  5 nagas (Lair:2)
  A swamp worm (Swamp:1)
  3 hell hounds (Orc:2)
  8 water moccasins
  5 porcupines
  A swamp drake (Lair:6)
  3 sky beasts
  4 phantoms
  21 orc warriors
  5 ice beasts
  2 black bears
  An eye of draining (D:10)
  11 ogres
  3 necrophages
  4 wolves (Lair:3)
  19 centaurs
  10 crocodiles
  5 big kobolds
  15 bullfrogs
  5 gnoll sergeants (D:10)
  2 wyvern zombies
  A wyvern skeleton (D:10)
  6 scorpions
  52 killer bees
  17 wights
  An electric eel (Lair:6)
  4 howler monkeys
  2 centaur zombies
  2 crimson imps
  A bullfrog zombie (D:6)
  7 jellies
  32 orc priests
  3 centaur skeletons
  6 hounds
  4 iguanas
  3 bullfrog skeletons
  An iron imp (D:8)
  Terence (D:3)
  Ijyb (D:3)
  19 orc wizards
  7 worker ants
  A killer bee zombie (D:8)
  A mummy (D:7)
  2 hound zombies
  A hound skeleton (D:10)
  A worker ant zombie (D:10)
  A gnoll (D:10)
  9 adders
  3 shadow imps
  3 oozes
  4 worms
  A dart slug (D:3)
  5 leopard geckos
  92 orcs
  5 giant cockroaches
  5 goblins
  14 hobgoblins
  10 jackals
  7 quokkas
  2 ball pythons (D:2)
  12 bats
  3 frilled lizards (D:2)
  16 kobolds
  A leopard gecko skeleton (D:4)
  A leopard gecko zombie (D:5)
  12 rats
  3 fungi
  4 plants
717 creatures vanquished.

Vanquished Creatures (collateral kills)
  A killer bee (D:13)
1 creature vanquished.

Vanquished Creatures (others)
  A warg (Orc:2)
  A plant (Lair:2)
  10 withered plants (D:15)
12 creatures vanquished.

Grand Total: 730 creatures vanquished

Notes
Turn   | Place    | Note
-------+----------+-------------------------------------------
     0 | D:1      | Ereth the Hill Orc Fighter began the quest for the Orb.
     0 | D:1      | Reached XP level 1. HP: 19/19 MP: 1/1
    30 | D:1      | Reached XP level 2. HP: 20/27 MP: 2/2
   325 | D:1      | Reached skill level 3 in Axes
   327 | D:1      | Reached XP level 3. HP: 30/33 MP: 3/3
   677 | D:2      | Found an ornate altar of the Wu Jian Council.
   731 | D:2      | Reached XP level 4. HP: 24/40 MP: 4/4
   732 | D:2      | Reached skill level 4 in Axes
  1063 | D:2      | Found a sacrificial altar of Ru.
  1113 | D:2      | Found a bloodstained altar of Trog.
  1139 | D:2      | Reached XP level 5. HP: 39/46 MP: 5/5
  1259 | D:2      | Reached skill level 5 in Axes
  2022 | D:3      | Noticed Terence
  2024 | D:3      | Noticed Ijyb
  2034 | D:3      | Killed Terence
  2046 | D:3      | Killed Ijyb
  2046 | D:3      | Reached XP level 6. HP: 52/53 MP: 6/6
  2402 | D:4      | Noticed Grinder
  2432 | D:4      | Paralysed by Grinder for 4 turns
  2732 | D:4      | Paralysed by Grinder for 2 turns
  2740 | D:4      | Killed Grinder
  2740 | D:4      | Reached skill level 6 in Axes
  2740 | D:4      | Reached skill level 1 in Dodging
  2740 | D:4      | Reached XP level 7. HP: 27/60 MP: 7/7
  3474 | D:5      | Entered Level 5 of the Dungeon
  3492 | D:5      | Reached skill level 7 in Axes
  3560 | D:5      | Reached skill level 5 in Fighting
  3704 | D:5      | Found a sparkling altar of Nemelex Xobeh.
  3920 | D:6      | Reached skill level 5 in Armour
  3949 | D:6      | Reached skill level 5 in Shields
  4048 | D:6      | Found Juishromyo's Armour Emporium.
  4052 | D:6      | Bought a +1 pair of boots for 149 gold pieces
  4052 | D:6      | Bought a +0 helmet for 58 gold pieces
  4175 | D:6      | Reached XP level 8. HP: 69/69 MP: 8/8
  4194 | D:6      | Reached skill level 8 in Axes
  4388 | D:6      | Noticed Sigmund
  4403 | D:6      | Killed Sigmund
  4973 | D:6      | Reached skill level 9 in Axes
  5067 | D:7      | Found a stormy altar of Qazlal.
  5067 | D:7      | Noticed Harold
  5091 | D:7      | Killed Harold
  5091 | D:7      | Reached skill level 10 in Axes
  5091 | D:7      | Reached XP level 9. HP: 43/78 MP: 9/9
  5291 | D:7      | Found a staircase to the Ecumenical Temple.
  5300 | Temple   | Entered the Ecumenical Temple
  5329 | Temple   | Became a worshipper of Warmaster Okawaru
  5520 | D:7      | Found a hazy altar of Hepliaklqana.
  5529 | D:7      | Reached skill level 11 in Axes
  5746 | D:7      | Reached * piety under Okawaru
  6491 | D:8      | Found a glowing silver altar of Zin.
  6497 | D:8      | Found a snail-covered altar of Cheibriados.
  6498 | D:8      | Noticed Psyche
  6505 | D:8      | Reached XP level 10. HP: 84/85 MP: 7/10
  6509 | D:8      | Killed Psyche
  6509 | D:8      | Reached skill level 12 in Axes
  6600 | D:8      | Reached ** piety under Okawaru
  7453 | D:9      | Found a white marble altar of Elyvilon.
  7455 | D:9      | Noticed a deep elf archer
  7457 | D:9      | Found the +9 scales of the Dragon King {rPois rF+ rC+ MR+}
  7458 | D:9      | Found a transporter.
  7485 | D:9      | Reached *** piety under Okawaru
  7516 | D:9      | Found a transporter.
  7531 | D:9      | Found a radiant altar of Vehumet.
  7540 | D:9      | Noticed a +0 dagger
  7540 | D:9      | Noticed a +0 dagger
  7585 | D:9      | Reached skill level 13 in Axes
  7707 | D:9      | Found Huthrarr's Gadget Shoppe.
  7847 | D:9      | Found a hide-covered altar of Uskayaw.
  7927 | D:10     | Entered Level 10 of the Dungeon
  8032 | D:10     | Found a staircase to the Lair.
  8268 | D:10     | Reached XP level 11. HP: 83/96 MP: 9/11
  8358 | D:10     | Reached **** piety under Okawaru
  8508 | D:10     | Found a staircase to the Orcish Mines.
  8573 | D:9      | Reached skill level 1 in Invocations
  9397 | D:10     | Reached skill level 14 in Axes
  9959 | D:11     | Noticed a white ugly thing
  9973 | D:11     | Killed a white ugly thing
  9973 | D:11     | Reached ***** piety under Okawaru
 10244 | D:11     | Found a hazy altar of Hepliaklqana.
 10437 | D:11     | Noticed Maurice
 10553 | D:12     | Reached skill level 10 in Fighting
 10553 | D:12     | Noticed a manticore
 10592 | D:12     | HP: 3/99 [manticore (9)]
 10594 | D:12     | Killed a manticore
 10594 | D:12     | Reached skill level 15 in Axes
 10970 | D:12     | Killed an unseen horror
 11312 | D:12     | Killed an unseen horror
 11475 | D:12     | Noticed a green ugly thing
 11486 | D:12     | Killed a green ugly thing
 11486 | D:12     | Reached XP level 12. HP: 104/107 MP: 13/13
 11879 | D:12     | Reached ****** piety under Okawaru
 11879 | D:12     | Received a gift from Okawaru
 11956 | D:12     | Found a portal to a secret trove of treasure.
 12040 | D:13     | Reached skill level 16 in Axes
 12749 | D:13     | Reached skill level 1 in Throwing
 13107 | D:13     | Noticed a two-headed ogre
 13107 | D:13     | Noticed a centaur warrior
 13111 | D:13     | Noticed a centaur warrior
 13112 | D:13     | Noticed a centaur warrior
 13113 | D:13     | Noticed a two-headed ogre
 13114 | D:13     | Noticed a centaur warrior
 13561 | D:13     | Reached skill level 10 in Armour
 13588 | D:13     | Noticed a two-headed ogre
 13609 | D:13     | Reached skill level 17 in Axes
 14236 | D:14     | Received a gift from Okawaru
 14237 | D:14     | Found the +2 pair of boots of the Assassin {Detection Stab+
                  | Stlth++}
 14517 | D:14     | Noticed a centaur warrior
 14529 | D:14     | Killed a centaur warrior
 14555 | D:14     | Learned a level 1 spell: Animate Skeleton
 14707 | D:13     | Reached XP level 13. HP: 79/117 MP: 14/14
 15076 | D:14     | Reached skill level 1 in Necromancy
 15103 | D:14     | Found a gate to the Vaults.
 15161 | D:14     | Reached skill level 1 in Spellcasting
 15408 | D:15     | Entered Level 15 of the Dungeon
 16147 | D:14     | Reached skill level 18 in Axes
 16199 | D:15     | Received a gift from Okawaru
 16297 | D:15     | Received a gift from Okawaru
 16407 | D:15     | HP: 3/119 [white ugly thing (31)]
 17462 | D:15     | Found a staircase to the Depths.
 17597 | D:15     | Reached skill level 19 in Axes
 17870 | D:15     | Reached XP level 14. HP: 81/127 MP: 11/16
 18049 | D:15     | Received a gift from Okawaru
 18050 | D:15     | Got a transparent great sword {god gift}
 18421 | D:14     | Reached skill level 1 in Stealth
 19083 | D:11     | Killed Maurice
 19115 | Lair:1   | Entered Level 1 of the Lair of Beasts
 19167 | Lair:1   | Received a gift from Okawaru
 19962 | Lair:2   | Found a dark tunnel.
 19973 | Lair:2   | Found a staircase to the Swamp.
 20234 | Lair:2   | Found a staircase to the Snake Pit.
 20814 | Lair:3   | Received a gift from Okawaru
 21710 | Lair:4   | Reached skill level 10 in Shields
 21717 | Lair:4   | Reached skill level 20 in Axes
 22393 | Lair:5   | Found a staircase to the Slime Pits.
 22826 | Lair:5   | Found a runed translucent door.
 22831 | Lair:5   | Noticed Saaxatog's ghost (journeyman DrFE)
 22887 | Lair:6   | Entered Level 6 of the Lair of Beasts
 23034 | Lair:6   | Identified a scroll of acquirement
 23431 | Lair:6   | Reached XP level 15. HP: 138/138 MP: 16/18
 23539 | Lair:6   | Received a gift from Okawaru
 24038 | Orc:1    | Entered Level 1 of the Orcish Mines
 24038 | Orc:1    | Noticed Nergalle
 24046 | Orc:1    | Killed Nergalle
 24202 | Orc:1    | You fall into a shaft and drop 1 floor!
 24202 | Orc:2    | Entered Level 2 of the Orcish Mines
 24203 | Orc:2    | Noticed Urug
 24224 | Orc:2    | Killed Urug
 24258 | Orc:2    | Noticed Azrael
 24433 | Orc:2    | Found Vicebb's Magic Scroll Boutique.
 24496 | Orc:2    | Found a roughly hewn altar of Beogh.
 24544 | Orc:1    | Found a shimmering blue altar of Sif Muna.
 24573 | Orc:1    | Noticed Jorgrun
 24607 | Orc:1    | Killed Jorgrun
 24866 | Orc:2    | Killed Azrael
 25406 | Orc:2    | Found Koch's Weapon Shop.
 25406 | Orc:2    | Found Ethoypne's Assorted Antiques.
 25634 | Orc:2    | Found a roughly hewn altar of Beogh.
 25642 | Orc:2    | Found Nyhusi's Antique Armour Shop.
 25642 | Orc:2    | Found Moisayt's Gadget Shoppe.
 25722 | Orc:2    | Bought a potion of heal wounds for 125 gold pieces
 25722 | Orc:2    | Bought fire dragon scales for 1500 gold pieces
 25875 | Orc:2    | Found a staircase to the Elven Halls.
 25923 | Orc:2    | Found a runed translucent gate.
 25924 | Orc:2    | Found a runed translucent gate.
 25926 | Orc:2    | Found a runed translucent gate.
 25944 | Orc:2    | Identified the +3 great sword of Linyor {holy, *Noise
                  | Dex+7}
 25944 | Orc:2    | Identified the +10 plate armour "Anijyssiul" {rF+ rN+
                  | Str+5}
 25945 | Orc:2    | Found a roughly hewn altar of Beogh.
 25946 | Orc:2    | Identified the cursed +1 robe of the Loofah {rPois}
 25946 | Orc:2    | Noticed hazymike's ghost (journeyman DsIE)
 25947 | Orc:2    | Noticed an orc warlord
 25970 | Orc:2    | Killed an orc warlord
 26515 | Swamp:1  | Entered Level 1 of the Swamp
 26533 | Swamp:1  | Received a gift from Okawaru
 26537 | Swamp:1  | Got a pair of translucent gloves {god gift}
 26549 | Swamp:1  | Identified the +0 pair of gloves of Youthful Indiscretion
                  | {rElec rF+ rC-} (Okawaru gifted it to you on level 1 of the
                  | Swamp)
 26570 | Swamp:1  | Reached skill level 15 in Fighting
 26631 | Lair:2   | HP: 7/141 [20-headed hydra (5)]
 26631 | Lair:2   | Slain by a 20-headed hydra

Levels and vault maps discovered:
D:1:      lightli_arrival_flooded_house, layout_rooms, minmay_ruptured
D:2:      layout_rooms, hangedman_ru_absence, bloody_trog, lemuel_crystal_altar,
          serial_rivers, chequers_serial_rivers_marsh,
          chequers_serial_rivers_micro_d, chequers_serial_rivers_micro_d,
          chequers_serial_rivers_large_a, chequers_serial_rivers_small_3
D:3:      layout_rooms, first_ration, hangedman_decor_growths, uniq_terence,
          uniq_ijyb
D:4:      cheibrodos_quashed, layout_basic, uniq_grinder
D:5:      layout_rooms, nicolae_overflow_hidden_temple
D:6:      layout_cave_pods, serial_shops, shop, uniq_sigmund
D:7:      layout_loops_ring, lemuel_round_altar, lemuel_round_altar,
          minmay_temple_entry_tees, serial_undead, serial_undead_c,
          serial_undead_b, serial_undead_b, serial_undead_d, serial_undead_e,
          serial_undead_d, uniq_harold
D:8:      layout_loops_ring, slow_altar_1, kennysheep_mini_moat, uniq_psyche
D:9:      layout_irregular_city, gammafunk_temple_overflow_arena,
          lemuel_crystal_altar, dancing_weapons_uskayaw, serial_shops, shop
D:10:     layout_long_grid, lair_entry_dummy,
          kennysheep_orc_monster_closet_entryway
D:11:     layout_roguey, basic_altar, uniq_maurice
D:12:     layout_basic, enter_trove_1
D:13:     wad_woods_minihive, layout_loops_ring, blue_anna_alchemist
          [blue_anna_fruit_fields, blue_anna_fruit_fields]
D:14:     layout_irregular_city, david_vaults_2, hangedman_decor_push
D:15:     gammafunk_depths_entry_grave, layout_basic,
          minmay_misc_feat_more_columns
Temple:   jpeg_temple_clearing
Lair:1:   layout_loops_ring
Lair:2:   layout_regular_city, swamp_mist, minmay_snake_entry_guardpost_large,
          nicolae_volcano_entry_hallway, chequers_serial_rivers_micro_d
Lair:3:   layout_chaotic_city
Lair:4:   layout_cave_pods
Lair:5:   layout_big_grid, nicolae_slime_entry_slimehenge,
          ebering_ghost_reflecting_pool
Lair:6:   guppyfry_lair_end_dragon, layout_gridlike
Swamp:1:  layout_basic_swamp, basic_altar, uniq_kirke
Orc:1:    layout_caves, serial_shops, shop, led_sif_book, uniq_nergalle,
          uniq_jorgrun
Orc:2:    st_orc_town, layout_caves, serial_shops, shop_statue,
          biasface_ghost_orc_armoury, basic_altar, uniq_urug, uniq_azrael

Skill      XL: |  1  2  3  4  5  6  7  8  9 10 11 12 13 14 15 |
---------------+----------------------------------------------+-----
Axes           | 3 4 5 6 7 10 11 13 15 17 19 20 | 20.7
Fighting       | 4 5 6 7 9 10 11 12 14 15 | 15.0
Shields        | 4 5 6 7 9 10 11 | 11.7
Armour         | 4 5 6 7 9 10 11 12 | 12.7
Dodging        | 1 2 |  2.0
Invocations    | 2 3 4 |  4.8
Throwing       | 1 |  1.6
Necromancy     | 1 3 |  3.5
Spellcasting   | 1 2 |  2.4
Stealth        | 1 |  1.5
Evocations     | |  0.1

Action                   |  1- 3 |  4- 6 |  7- 9 | 10-12 | 13-15 || total
-------------------------+-------+-------+-------+-------+-------++-------
Melee: War axe           |   111 |   211 |   358 |   230 |       ||   910
       Battleaxe         |       |       |       |   667 |   471 ||  1138
       Broad axe         |       |       |       |       |   856 ||   856
Throw: Boomerang         |       |     2 |       |    38 |    20 ||    60
       Throwing net      |       |       |       |     2 |       ||     2
Invok: Heroism           |       |       |     3 |    30 |    34 ||    67
       Finesse           |       |       |       |       |     3 ||     3
Evoke: Wand              |       |       |       |     2 |     1 ||     3
  Use: Scroll            |       |    12 |     7 |    11 |    17 ||    47
       Potion            |       |     1 |       |     4 |     1 ||     6
 Stab: Paralysed         |       |       |       |       |     1 ||     1
  Eat: Chunk             |       |     6 |     7 |    14 |    15 ||    42
       Ration            |       |     1 |     1 |     5 |     8 ||    15
Armor: Scale mail        |    66 |    90 |     6 |       |       ||   162
       Plate armour      |       |       |   134 |   381 |       ||   515
       Crystal plate arm |       |       |       |   439 |   810 ||  1249
       Fire dragon scale |       |       |       |       |    98 ||    98
Dodge: Dodged            |    51 |    58 |    42 |   311 |   260 ||   722
Block: Shield            |    74 |   113 |    81 |       |       ||   268
       Large shield      |       |       |   107 |   191 |   751 ||  1049
